[Event "Team 45 45 League T41"]
[Site "Internet Chess Club"]
[Date "2009.05.23"]
[Round "4"]
[White "FractalDante"]
[Black "arriero55"]
[Result "1-0"]
[WhiteElo "1556"]
[BlackElo "1453"]
[Opening "Sicilian: Najdorf, 6.Bg5"]
[ECO "B94"]
[Time "15:00:18"]
[TimeControl "2700+45"]

1. e4 c5 2. Nf3 d6 3. d4 cxd4 4. Nxd4 Nf6 5. Nc3 a6 6. Bg5 Qb6 7. Bxf6 gxf6 8.
Nd5 Qd8 9. Qd2 e6 10. Nc3 h5 11. f4 Nd7 12. g3 Nc5 13. O-O-O b5 14. Bg2 Rb8 15.
Nc6 Qc7 16. Nxb8 Qxb8 17. e5 fxe5 18. Kb1 d5 19. fxe5 Bg7 20. Rhf1 Qxe5 21. Rfe1
Qc7 22. Bxd5 Bb7 23. Bxb7 Nxb7 24. Nd5 Qc6 25. Nb4 Qc8 26. Nxa6 Ke7 27. Qb4+ Kf6
28. Qf4+ Kg6 29. h4 Nd8 30. Qg5+ Kh7 31. Nb4 {Black forfeits on time} 1-0

[Event "Team 45 45 League T41"]
[Site "Internet Chess Club"]
[Date "2009.05.24"]
[Round "4"]
[White "quaksterjohny"]
[Black "wbanks"]
[Result "0-1"]
[WhiteElo "1433"]
[BlackElo "1763"]
[Opening "Bishop's opening"]
[ECO "C23"]
[Time "10:00:31"]
[TimeControl "2700+45"]

1. e4 e5 2. Bc4 Nc6 3. Nc3 Bc5 4. Qg4 g6 5. Qf3 Qf6 6. Nd5 Qxf3 7. Nxf3 Bd6 8.
d3 f6 9. O-O Nb4 10. Nxb4 Bxb4 11. c3 Ba5 12. d4 exd4 13. Nxd4 c6 14. Be3 Bc7
15. Rad1 a5 16. a4 h5 17. f4 Nh6 18. g3 b6 19. Ba2 Bb7 20. Ne2 c5 21. Bd5 Bxd5
22. Rxd5 O-O-O 23. Rfd1 Rhe8 24. f5 g5 25. b3 Rxe4 26. R1d3 Ng4 27. c4 Rxe3 28.
Rxe3 Nxe3 29. Rd3 Re8 30. Nc3 g4 31. Nb5 Nxf5 32. Rd1 Be5 33. Rf1 Nd4 34. Nxd4
Bxd4+ 35. Kh1 Kc7 36. Rd1 Re3 37. Rb1 Kd6 38. Rc1 Rxb3 39. Rd1 Rb4 40. Rc1 Rxa4
41. Rb1 Rb4 42. Rc1 a4 43. Kg2 a3 44. Rc2 Rb2 45. Rxb2 axb2 46. Kf1 b1=Q+ 47.
Kg2 Qg1# {White checkmated} 0-1

[Event "Team 45 45 League T41"]
[Site "Internet Chess Club"]
[Date "2009.05.24"]
[Round "4"]
[White "budugu"]
[Black "Walker42"]
[Result "1/2-1/2"]
[WhiteElo "1645"]
[BlackElo "1691"]
[Opening "Sicilian: Najdorf, 6...e6"]
[ECO "B95"]
[Time "09:00:36"]
[TimeControl "2700+45"]

1. e4 c5 2. Nf3 d6 3. d4 cxd4 4. Nxd4 Nf6 5. Nc3 a6 6. Bg5 e6 7. Bc4 Nbd7 8. Nf3
Be7 9. O-O b5 10. Bb3 Nc5 11. e5 dxe5 12. Qxd8+ Bxd8 13. Nxe5 Nxb3 14. cxb3 Bb7
15. Rad1 O-O 16. b4 Bc7 17. Bxf6 gxf6 18. Nd7 Rfd8 19. Nxf6+ Kg7 20. Nd7 Bc6 21.
Nc5 Kf6 22. Rxd8 Bxd8 23. Rd1 Bb6 24. Nd7+ Bxd7 25. Rxd7 a5 26. Rb7 axb4 27.
Rxb6 bxc3 28. bxc3 Rxa2 29. g3 Rc2 30. Rxb5 Rxc3 31. h4 {Game drawn by mutual
agreement} 1/2-1/2

[Event "Team 45 45 League T41"]
[Site "Internet Chess Club"]
[Date "2009.05.23"]
[Round "4"]
[White "Zappy"]
[Black "Makaen"]
[Result "1-0"]
[WhiteElo "1551"]
[BlackElo "1524"]
[Opening "Caro-Kann: Panov-Botvinnik attack"]
[ECO "B13"]
[Time "15:00:38"]
[TimeControl "2700+45"]

1. e4 c6 2. d4 d5 3. exd5 cxd5 4. c4 Nf6 5. Nc3 Nc6 6. Nf3 Bg4 7. Be2 e6 8. h3
Bxf3 9. Bxf3 dxc4 10. Qa4 Nd5 11. Qxc4 Rc8 12. Bxd5 exd5 13. Qb5 Bb4 14. O-O
Bxc3 15. bxc3 Qd7 16. Re1+ Ne7 17. Qxd7+ Kxd7 18. Ba3 Rhe8 19. Rab1 b6 20. Re3
Rc6 21. Rbe1 Re6 22. Kh2 Nf5 23. Rxe6 Rxe6 24. Rxe6 Kxe6 25. g4 Nd6 26. Bxd6
Kxd6 27. Kg3 b5 28. Kf3 h6 29. Ke3 a5 30. f4 a4 31. a3 g6 32. h4 Ke6 33. Kf3 h5
34. Kg3 Kf6 35. Kf3 Ke6 36. f5+ Kf6 37. gxh5 g5 38. hxg5+ Kxg5 39. f6 Kxf6 40.
Kf4 Kg7 41. Kf5 f6 42. h6+ Kxh6 43. Kxf6 Kh5 44. Ke5 Kg6 45. Kxd5 Kf7 46. Kc6
Ke6 47. d5+ Ke5 48. Kc7 Ke4 49. d6 Kd3 50. d7 Kxc3 51. d8=Q Kb3 52. Qd3+ Ka2 53.
Qc3 b4 54. axb4 a3 55. Qxa3+ Kxa3 56. b5 Ka4 57. b6 Ka5 58. b7 Ka6 59. b8=Q
{Black resigns} 1-0

[Event "Team 45 45 League T41"]
[Site "Internet Chess Club"]
[Date "2009.05.25"]
[Round "4"]
[White "UriahHeep"]
[Black "whale5970"]
[Result "0-1"]
[WhiteElo "1391"]
[BlackElo "1473"]
[Opening "Queen's pawn game"]
[ECO "D02"]
[Time "16:00:07"]
[TimeControl "2700+45"]

1. Nf3 d5 2. d4 e6 3. g3 Nf6 4. Bg2 c5 5. c3 Nc6 6. O-O Qb6 7. Nbd2 Bd7 8. Ne5
cxd4 9. cxd4 Qxd4 10. Nxc6 Bxc6 11. Nf3 Qxd1 12. Rxd1 Bd6 13. Bg5 Nd7 14. Nd4
O-O 15. Nxc6 bxc6 16. Rd4 h6 17. Be3 Nb6 18. Rg4 Kh7 19. Rc1 Nc4 20. Bd4 e5 21.
b3 Na5 22. Bc3 Nb7 23. f4 f5 24. Rh4 Be7 25. Rh3 e4 26. Bd2 Rfc8 27. a4 Nc5 28.
Rb1 Rab8 29. b4 Nxa4 30. e3 Nb6 31. Rh5 g6 32. Rh3 Nc4 33. Bc1 a5 34. Bf1 Rxb4
35. Rxb4 axb4 36. Be2 Ra8 37. Bxc4 dxc4 38. Kf2 c3 39. Ke2 Ra1 40. Kd1 b3 {White
resigns} 0-1

[Event "Team 45 45 League T41"]
[Site "Internet Chess Club"]
[Date "2009.05.23"]
[Round "4"]
[White "lawth3"]
[Black "Gomer"]
[Result "1-0"]
[WhiteElo "1135"]
[BlackElo "1152"]
[Opening "Philidor: exchange variation"]
[ECO "C41"]
[Time "19:57:41"]
[TimeControl "2700+45"]

1. e4 e5 2. Nf3 d6 3. d4 exd4 4. Nxd4 Nf6 5. Nc3 Be7 6. Be2 O-O 7. O-O c5 8. Nf3
Nc6 9. a3 Be6 10. Ng5 Qd7 11. Nb5 d5 12. Nxe6 Qxe6 13. Nc7 Qxe4 14. Nxa8 Rxa8
15. Bf3 Qc4 16. Bg5 Ne4 17. Bxe7 Nxe7 18. Bxe4 Qxe4 19. Re1 Qh4 20. h3 Ng6 21.
Qxd5 Nf4 22. Qxb7 Rf8 23. Qe4 Qg5 24. Kh2 h5 25. Re3 f5 26. Qc4+ Kh7 27. Rg3 Qh6
28. Rd1 g5 29. Rd7+ Kg6 30. Qa6+ Rf6 31. Qxa7 h4 32. Re3 g4 33. Qxc5 g3+ 34.
fxg3 hxg3+ 35. Rxg3+ Kh5 36. Rgg7 Ne6 37. g4+ Kh4 38. Qf2# {Black checkmated}
1-0

[Event "Team 45 45 League T41"]
[Site "Internet Chess Club"]
[Date "2009.05.24"]
[Round "4"]
[White "The-Capitalist"]
[Black "stillday"]
[Result "1-0"]
[WhiteElo "1197"]
[BlackElo "1142"]
[Opening "Ruy Lopez: four knights (Tarrasch) variation"]
[ECO "C48"]
[Time "21:00:08"]
[TimeControl "2700+45"]

1. e4 e5 2. Nf3 Nc6 3. Bb5 Nf6 4. Nc3 a6 5. Ba4 Bc5 6. O-O b5 7. Bb3 Na5 8. Nxe5
Nxb3 9. axb3 O-O 10. d4 Be7 11. Bg5 Bb7 12. Bxf6 Bxf6 13. Qg4 d6 14. Nd7 Bc8 15.
Nxf6+ Qxf6 16. Qd1 c6 17. e5 dxe5 18. dxe5 Qxe5 19. Re1 Qc7 20. Qf3 f5 21. Nd5
Qb7 22. Re7 Qb8 23. Qc3 cxd5 24. Qxg7# {Black checkmated} 1-0

[Event "Team 45 45 League T41"]
[Site "Internet Chess Club"]
[Date "2009.05.25"]
[Round "4"]
[White "sere"]
[Black "kjs110"]
[Result "1/2-1/2"]
[WhiteElo "939"]
[BlackElo "1109"]
[Opening "Caro-Kann: classical, 6.h4"]
[ECO "B18"]
[Time "12:00:13"]
[TimeControl "2700+45"]

1. e4 c6 2. d4 d5 3. Nc3 dxe4 4. Nxe4 Bf5 5. Ng3 Bg6 6. h4 h6 7. h5 Bh7 8. Nf3
Nf6 9. Bf4 Nd5 10. Bd2 e6 11. Bc4 Bd6 12. Qe2 Bxc2 13. Bb3 Bh7 14. O-O-O c5 15.
dxc5 Qc7 16. Bxd5 Qxc5+ 17. Bc4 b5 18. Ne4 Bxe4 19. Qxe4 Qxc4+ 20. Qxc4 bxc4 21.
Rde1 O-O 22. Rh4 Rc8 23. Rd4 Be7 24. Ne5 Bf6 25. Rf4 Bg5 26. Rxc4 Rxc4+ 27. Nxc4
Bxd2+ 28. Kxd2 Nc6 29. Rd1 Rd8+ 30. Kc2 Rxd1 31. Kxd1 g5 32. hxg6 fxg6 33. Kd2
Nd4 34. Kd3 Nf5 35. Ne3 Ne7 36. Ke4 Nf5 37. a4 Nxe3 38. Kxe3 Kf7 39. Ke4 Kf6 40.
b4 Ke7 41. Ke5 a6 42. b5 a5 43. b6 Kd8 44. Kxe6 Kc8 45. Kd6 g5 46. g4 Kb7 47.
Kc5 Ka6 48. Kc6 h5 49. gxh5 g4 50. h6 g3 51. fxg3 {Black stalemated} 1/2-1/2

[Event "Team 45 45 League T41"]
[Site "Internet Chess Club"]
[Date "2009.05.22"]
[Round "4"]
[White "Newcastler"]
[Black "mrmarck"]
[Result "1/2-1/2"]
[WhiteElo "1214"]
[BlackElo "1172"]
[Opening "QGD: Marshall defense"]
[ECO "D06"]
[Time "20:00:29"]
[TimeControl "2700+45"]

1. d4 d5 2. c4 Nf6 3. cxd5 Nxd5 4. e4 Nb6 5. Nf3 e6 6. Nc3 Be7 7. Bd3 O-O 8. O-O
c6 9. b3 N8d7 10. e5 Nd5 11. Nxd5 cxd5 12. Qc2 g6 13. Bh6 Re8 14. Qc1 Nf8 15.
Qf4 f6 16. exf6 Bxf6 17. Bg5 Bxg5 18. Nxg5 Kg7 19. Rfe1 Bd7 20. Qe5+ Qf6 21.
Qxf6+ Kxf6 22. Nf3 Rac8 23. Ne5 Rc3 24. Ng4+ Kg5 25. Ne5 Kf6 26. h3 a6 27. Re3
Rec8 28. Rf3+ Kg7 29. Rf7+ Kg8 30. Bf1 Bc6 31. Rf4 Nd7 32. Nf7 Kg7 33. Nd6 Rf8
34. Rxf8 Kxf8 35. Re1 Ke7 36. Nc8+ Kf7 {Game drawn by mutual agreement} 1/2-1/2

[Event "Team 45 45 League T41"]
[Site "Internet Chess Club"]
[Date "2009.05.23"]
[Round "4"]
[White "Traho"]
[Black "ffplayer"]
[Result "0-1"]
[WhiteElo "1165"]
[BlackElo "1113"]
[Opening "Réti: old Indian attack"]
[ECO "A06"]
[Time "09:00:15"]
[TimeControl "2700+45"]

1. Nf3 d5 2. d3 c5 3. g3 Bg4 4. Bg2 Nf6 5. O-O Nc6 6. Nbd2 e5 7. Re1 Bd6 8. b3
O-O 9. Bb2 e4 10. dxe4 dxe4 11. Ng5 e3 12. Nde4 exf2+ 13. Nxf2 Be7 14. h3 Qxd1
15. Raxd1 Bh5 16. Nge4 Nxe4 17. Nxe4 Bg6 18. c4 Rac8 19. Nd6 Bxd6 20. Rxd6 Rfe8
21. Bxc6 bxc6 22. Kf2 f6 23. Rd7 Bf5 24. Rxa7 Bxh3 25. Ba3 Re5 26. Kg1 Bg4 27.
e3 h5 28. Ra5 Re4 29. Bxc5 Kf7 30. Ra7+ Kg6 31. Bd6 Re6 32. Bf4 Rg8 33. Rc7 Kf5
34. a4 g5 35. e4+ Kg6 36. Bd2 Rge8 37. Kf2 Rd6 38. Bc3 Rd3 39. Bxf6 Rf3+ 40. Kg2
Rxf6 41. b4 Rfe6 42. a5 Rxe4 43. Rxc6+ Kg7 44. Rc7+ Kg8 45. a6 Rxe1 46. a7 R8e2#
{White checkmated} 0-1

[Event "Team 45 45 League T41"]
[Site "Internet Chess Club"]
[Date "2009.05.21"]
[Round "4"]
[White "klt713"]
[Black "jocooper"]
[Result "0-1"]
[WhiteElo "1095"]
[BlackElo "1173"]
[Opening "King's Indian: 5.Nf3"]
[ECO "E90"]
[Time "21:00:05"]
[TimeControl "2700+45"]

1. d4 Nf6 2. c4 g6 3. Nc3 Bg7 4. e4 d6 5. Nf3 O-O 6. Bd3 Nbd7 7. Be3 c6 8. Qd2
Ng4 9. h4 Nxe3 10. Qxe3 Nf6 11. O-O-O Ng4 12. Qd2 Bh6 13. Ng5 Qa5 14. Kb1 Bd7
15. f4 f6 16. Nf3 Rab8 17. g3 a6 18. h5 g5 19. fxg5 fxg5 20. Nxg5 Bxg5 21. Qxg5+
Qxg5 22. d5 Nf2 23. Rc1 Nxh1 24. Rxh1 Rf2 25. Nd1 Rd2 26. Nc3 Rxd3 27. Ne2 Rf8
28. Nf4 Rxg3 29. Ne2 Rg2 30. a3 Rxe2 31. Ka2 Qg3 32. Rc1 Rf3 33. c5 Rxa3+ 34.
Kb1 Qd3+ 35. Rc2 Qxc2# {White checkmated} 0-1

[Event "Team 45 45 League T41"]
[Site "Internet Chess Club"]
[Date "2009.05.24"]
[Round "4"]
[White "WannaB"]
[Black "carolinaknight"]
[Result "0-1"]
[WhiteElo "1130"]
[BlackElo "1284"]
[Opening "French: Winawer, fingerslip variation"]
[ECO "C15"]
[Time "16:00:39"]
[TimeControl "2700+45"]

1. e4 e6 2. d4 d5 3. Nc3 Bb4 4. Bd2 dxe4 5. Nxe4 Qxd4 6. Bxb4 Qxe4+ 7. Qe2 Qxb4+
8. c3 Qe7 9. Qe3 Bd7 10. g3 Nf6 11. h3 Nc6 12. Nf3 O-O 13. Bg2 Nd5 14. Qd3 a6
15. O-O Qf6 16. Qd2 Rfd8 17. Ng5 h6 18. Ne4 Qg6 19. Nc5 Be8 20. Nxb7 Rab8 21.
Nxd8 Rxd8 22. Qc1 Ne5 23. Bxd5 Rxd5 24. Rd1 Rxd1+ 25. Qxd1 Bc6 26. Qd8+ Kh7 27.
Qxc7 Qe4 28. Kf1 Qh1+ 29. Ke2 Qf3+ 30. Kf1 Bb5+ 31. Kg1 Nd3 32. c4 Qxf2+ 33. Kh1
Qf3+ 34. Kh2 Bc6 35. Qa7 Qg2# {White checkmated} 0-1

[Event "Team 45 45 League T41"]
[Site "Internet Chess Club"]
[Date "2009.05.24"]
[Round "4"]
[White "AVEMARIA"]
[Black "Timotheous"]
[Result "1-0"]
[WhiteElo "1708"]
[BlackElo "1630"]
[Opening "Sicilian: Alapin's variation (2.c3)"]
[ECO "B22"]
[Time "12:30:27"]
[TimeControl "2700+45"]

1. e4 c5 2. c3 d5 3. exd5 Qxd5 4. d4 g6 5. Nf3 Bg7 6. Be3 cxd4 7. cxd4 Nh6 8.
Nc3 Qa5 9. Be2 O-O 10. O-O a6 11. Qb3 Nf5 12. Rad1 Nxe3 13. fxe3 e6 14. Ne4 Qd5
15. Qxd5 exd5 16. Nc3 Be6 17. Rfe1 Nc6 18. a3 Ne7 19. Bd3 Rad8 20. Na4 Rd6 21.
Nc5 Rb8 22. h3 a5 23. e4 dxe4 24. Bxe4 Bd5 25. Ne5 Bxe4 26. Nxe4 Bxe5 27. dxe5
Rxd1 28. Rxd1 Kg7 29. Rd7 Nc6 30. e6 Kf8 31. Rxf7+ Ke8 32. Nf6+ Kd8 33. Rxh7 Ne7
34. Rh8+ Kc7 35. Rxb8 Kxb8 36. h4 Kc7 37. Ne8+ Kd8 38. Ng7 Kc7 39. g4 Kd6 40. h5
gxh5 41. gxh5 Ng8 42. Kf2 Ke7 43. Ke3 Kf6 44. Ne8+ Kxe6 45. Kd4 Kd7 46. Ng7 Nh6
47. Ke5 b5 48. Nf5 Ng4+ 49. Kf4 Nf6 50. h6 b4 51. Ke5 bxa3 52. bxa3 Ng4+ 53. Kd5
Nf6+ 54. Kc5 Ke6 55. Ng3 Kf7 56. Kd6 Kg6 57. Kc6 Kxh6 58. Kb5 Kg6 59. Kxa5 Nd5
60. Ne4 Kf5 61. Nd6+ Ke6 62. Nc4 Nc7 63. a4 Kd7 64. Kb6 Nd5+ 65. Kb7 Kd8 66. a5
Nb4 67. Ne5 Nd5 68. a6 Nc7 69. a7 Na8 70. Kxa8 Kc8 71. Nf7 Kc7 72. Nd6 {Black
resigns} 1-0

[Event "Team 45 45 League T41"]
[Site "Internet Chess Club"]
[Date "2009.05.23"]
[Round "4"]
[White "basserben"]
[Black "SATELLITE-DAN"]
[Result "0-1"]
[WhiteElo "1631"]
[BlackElo "1523"]
[Opening "Scotch game"]
[ECO "C45"]
[Time "10:00:10"]
[TimeControl "2700+45"]

1. e4 e5 2. Nf3 Nc6 3. d4 exd4 4. Nxd4 Bc5 5. Be3 Qf6 6. c3 d6 7. Bb5 Ne7 8. Nd2
O-O 9. N2b3 Bb6 10. Qd2 a6 11. Nxc6 Bxe3 12. Nxe7+ Qxe7 13. Qxe3 axb5 14. O-O
Ra4 15. Rfe1 Re8 16. Nd2 Qf6 17. b3 Ra6 18. f4 Bd7 19. Nf3 Qd8 20. Qd4 c5 21.
Qd2 Bc6 22. Qd3 Qf6 23. e5 Qxf4 24. exd6 Rd8 25. Ne5 Qf6 26. Nxc6 Rxc6 27. d7
Re6 28. Rxe6 Qxe6 29. Rd1 c4 30. Qd2 f6 31. Re1 Qxd7 32. Qxd7 Rxd7 33. Kf2 Kf7
34. Re2 Rd3 35. Rc2 Ke6 36. Ke2 Ke5 37. Kf2 Kd5 38. Ke2 f5 39. Rd2 Ke4 40. Rc2
f4 41. Kf2 g5 42. bxc4 bxc4 43. Re2+ Kf5 44. Re7 b5 45. Rxh7 Rxc3 46. Rb7 Rc2+
47. Kf3 Rb2 48. a4 c3 49. axb5 g4# {White checkmated} 0-1

[Event "Team 45 45 League T41"]
[Site "Internet Chess Club"]
[Date "2009.05.24"]
[Round "4"]
[White "TwentyMiles"]
[Black "OGO"]
[Result "0-1"]
[WhiteElo "1726"]
[BlackElo "1623"]
[Opening "KGA: Fischer defense"]
[ECO "C34"]
[Time "15:00:06"]
[TimeControl "2700+45"]

1. e4 e5 2. f4 exf4 3. Nf3 d6 4. Bc4 h6 5. d4 g5 6. O-O Bg7 7. c3 Nc6 8. Bb5 Bd7
9. Qb3 Nge7 10. Bc4 Na5 11. Bxf7+ Kf8 12. Qa3 Kxf7 13. Qxa5 Kg6 14. e5 Bf5 15.
exd6 Qxd6 16. Na3 b6 17. Qa4 Rae8 18. Qd1 c5 19. Nc4 Qd5 20. Nce5+ Kh7 21. Re1
Nc6 22. c4 Qd6 23. Nf7 Qd7 24. Nxh8 Rxe1+ 25. Qxe1 Nxd4 26. Nxd4 Qxd4+ 27. Kh1
Kxh8 28. a4 Qxc4 29. Ra3 Be4 30. h3 Qc2 31. Bd2 Be5 32. Qc1 Qxc1+ 33. Bxc1 Kg7
34. Kg1 Kf6 35. Kf1 h5 36. Rb3 Bc6 37. a5 b5 38. Rd3 Bd4 39. b4 Bd5 40. Rd1 Bc4+
41. Ke1 Bb3 42. Rd3 Bc2 43. Rf3 cxb4 44. g3 Ke5 45. gxf4+ gxf4 46. Bxf4+ Ke4
{White resigns} 0-1

[Event "Team 45 45 League T41"]
[Site "Internet Chess Club"]
[Date "2009.05.25"]
[Round "4"]
[White "Skyler"]
[Black "joshtournman"]
[Result "1-0"]
[WhiteElo "1467"]
[BlackElo "1479"]
[Opening "Queen's pawn, Mason variation"]
[ECO "D00"]
[Time "20:45:20"]
[TimeControl "2700+45"]

1. d4 d5 2. Bf4 Nc6 3. e3 Nf6 4. c3 Bf5 5. Nf3 Nh5 6. Bg5 h6 7. Bh4 Nf6 8. h3 g5
9. Bg3 Bg7 10. Nbd2 O-O 11. Be2 Nd7 12. O-O e5 13. Nxe5 Ndxe5 14. dxe5 Bxe5 15.
Bxe5 Nxe5 16. Nf3 Nxf3+ 17. Bxf3 Be4 18. Bxe4 dxe4 19. Qa4 Re8 20. Rfd1 Qf6 21.
Rd4 Rad8 22. Qxa7 Rxd4 23. cxd4 Qc6 24. Qa3 Re6 25. b4 Qb5 26. Qc3 Rc6 27. Qb2
Rc4 28. a3 b6 29. Rc1 Rxc1+ 30. Qxc1 c6 31. Qc2 Qd5 32. a4 Kg7 33. Qc3 f5 34. a5
bxa5 35. bxa5 Kg6 36. a6 Qd7 37. Qb4 f4 38. Qb7 Qd5 39. a7 fxe3 40. fxe3 Qc4 41.
a8=Q Qc1+ 42. Kh2 Qxe3 43. Qxc6+ Kh5 44. Qae8+ Kh4 45. Qxh6# {Black checkmated}
1-0

[Event "Team 45 45 League T41"]
[Site "Internet Chess Club"]
[Date "2009.05.25"]
[Round "4"]
[White "SugarIslander"]
[Black "Razorbackchess"]
[Result "0-1"]
[WhiteElo "1701"]
[BlackElo "1759"]
[Opening "Sicilian: Taimanov (Bastrikov) variation"]
[ECO "B47"]
[Time "18:28:14"]
[TimeControl "2700+45"]

1. e4 c5 2. Nf3 e6 3. d4 cxd4 4. Nxd4 Nc6 5. Nc3 Qc7 6. Be2 a6 7. a3 Nf6 8. Be3
Bd6 9. Nf3 Bf4 10. Qd2 Bxe3 11. Qxe3 d6 12. O-O b5 13. Rad1 Bb7 14. Nd4 Nxd4 15.
Qxd4 Rd8 16. f4 O-O 17. e5 dxe5 18. Qxe5 Qxe5 19. fxe5 Nd5 20. Nxd5 Bxd5 21. Rd4
Rc8 22. c3 Rc5 23. Re1 Rb8 24. Bf3 Kf8 25. Bxd5 Rxd5 26. Rxd5 exd5 27. Kf2 Ke7
28. Ke3 Rc8 29. Kd4 Ke6 30. b3 a5 31. Rb1 a4 32. b4 Rc4+ 33. Kd3 Kxe5 34. Re1+
Re4 35. Rxe4+ dxe4+ 36. Ke3 Kd5 37. g3 Kc4 38. Kxe4 Kxc3 39. h4 Kb3 40. Kd3 Kxa3
41. Kc3 f5 42. h5 g6 43. hxg6 hxg6 44. Kd4 Kxb4 45. Kd3 Kb3 46. Kd2 Kb2 47. Kd3
a3 48. g4 fxg4 {White resigns} 0-1

[Event "Team 45 45 League T41"]
[Site "Internet Chess Club"]
[Date "2009.05.21"]
[Round "4"]
[White "sean98"]
[Black "oldsj"]
[Result "0-1"]
[WhiteElo "1669"]
[BlackElo "1636"]
[Opening "Ruy Lopez: open, Howell attack"]
[ECO "C81"]
[Time "17:30:27"]
[TimeControl "2700+45"]

1. e4 e5 2. Nf3 Nc6 3. Bb5 a6 4. Ba4 Nf6 5. O-O Nxe4 6. d4 b5 7. Bb3 d5 8. dxe5
Be6 9. Qe2 Bc5 10. Nbd2 Nxd2 11. Bxd2 O-O 12. c3 Qd7 13. Rad1 Rae8 14. h3 Ne7
15. Be3 Bxe3 16. Qxe3 c6 17. c4 Qc7 18. cxd5 Nxd5 19. Qg5 h6 20. Qg3 Qc8 21.
Rfe1 Nc7 22. Nd4 Bxb3 23. Qxb3 c5 24. Nf3 Rd8 25. Qe3 Ne6 26. Nh4 f6 27. Nf5 Qc7
28. Rxd8 Qxd8 29. Qg3 Kh7 30. Nd6 fxe5 31. Qxe5 Ng5 32. Qxc5 Qa8 33. Re7 Rf6 34.
Qc2+ Rg6 35. h4 Nh3+ 36. Kf1 Qxg2+ 37. Ke1 Qg1+ 38. Kd2 Qxf2+ 39. Kc1 Qxc2+ 40.
Kxc2 Rxd6 41. Re3 Nf4 42. Re4 Ng6 43. h5 Nf8 44. Re8 Kg8 45. Ra8 Kf7 46. Ra7+
Kf6 47. Ra8 Ne6 48. Ra7 Nf4 49. Ra8 Nxh5 50. Rf8+ Kg5 51. Rf7 Kg6 52. Rf2 Nf6
53. Rg2+ Kh7 54. Kb3 g5 55. Rf2 g4 56. Kb4 h5 57. Rf5 Kg6 58. Rf1 Kg5 59. Kc5
Ne4+ 60. Kb4 h4 61. a4 bxa4 62. Kxa4 g3 63. b4 Kg4 64. b5 Nc3+ 65. Kb4 Nxb5 66.
Kc4 g2 67. Rg1 h3 68. Kc5 Kg3 69. Kb4 h2 {White resigns} 0-1

[Event "Team 45 45 League T41"]
[Site "Internet Chess Club"]
[Date "2009.05.25"]
[Round "4"]
[White "foodfight"]
[Black "kingphisch"]
[Result "0-1"]
[WhiteElo "1500"]
[BlackElo "1621"]
[Opening "QGD Slav: 3.Nf3"]
[ECO "D11"]
[Time "14:00:44"]
[TimeControl "2700+45"]

1. d4 d5 2. c4 c6 3. Nf3 Nf6 4. Qc2 Bg4 5. Ne5 Bh5 6. Qb3 Qb6 7. Nc3 e6 8. e3
Nbd7 9. f4 Be7 10. Bd3 Nxe5 11. fxe5 Nd7 12. O-O O-O 13. Qc2 Bg6 14. cxd5 Bxd3
15. Qxd3 cxd5 16. Rf3 f5 17. Qe2 Rac8 18. Rh3 g6 19. g4 Qc7 20. gxf5 Rxf5 21.
Qg4 Rg5 {White resigns} 0-1

[Event "Team 45 45 League T41"]
[Site "Internet Chess Club"]
[Date "2009.05.25"]
[Round "4"]
[White "twintower"]
[Black "Berkshires"]
[Result "1/2-1/2"]
[WhiteElo "1461"]
[BlackElo "1559"]
[Opening "Ruy Lopez: Marshall counter-attack"]
[ECO "C89"]
[Time "19:03:09"]
[TimeControl "2700+45"]

1. e4 e5 2. Nf3 Nc6 3. Bb5 a6 4. Ba4 Nf6 5. O-O Be7 6. Re1 O-O 7. c3 b5 8. Bb3
d5 9. d3 Bg4 10. Nbd2 Re8 11. Nf1 dxe4 12. dxe4 Qxd1 13. Bxd1 Bc5 14. h3 Bh5 15.
Ng3 Bg6 16. Nh4 Rad8 17. Nxg6 hxg6 18. Bg5 Rd7 19. Bf3 Rd6 20. Rad1 Red8 21.
Rxd6 Rxd6 22. Rd1 Rxd1+ 23. Bxd1 Nd7 24. Nf1 f6 25. Be3 Kf7 26. Bb3+ Ke7 27. Bd5
Kd6 28. Bf7 Ne7 29. Be8 Nb6 30. Bxc5+ Kxc5 31. b3 Nbc8 32. Bd7 Nd6 33. Nd2 Kb6
34. b4 f5 35. f3 c6 36. Be6 c5 37. Nb3 Nb7 38. Kf2 c4 39. Nd2 Nd8 40. Bd7 a5 41.
a3 axb4 42. axb4 {Game drawn by mutual agreement} 1/2-1/2

[Event "Team 45 45 League T41"]
[Site "Internet Chess Club"]
[Date "2009.05.24"]
[Round "4"]
[White "BotanicalKnight"]
[Black "GadsHill"]
[Result "1-0"]
[WhiteElo "1561"]
[BlackElo "1531"]
[Opening "King's pawn opening"]
[ECO "B07"]
[Time "23:04:11"]
[TimeControl "2700+45"]

1. e4 d6 2. g3 Nf6 3. Bg2 e5 4. d3 Be7 5. Nc3 c6 6. f4 exf4 7. Bxf4 Na6 8. Nf3
Be6 9. a3 h6 10. b4 O-O 11. O-O b5 12. Qe1 Rc8 13. Rc1 Re8 14. h3 Bf8 15. g4 g5
16. Bd2 Bg7 17. Qf2 Qe7 18. Qg3 Nd7 19. h4 gxh4 20. Nxh4 Bf6 21. Nf3 Kh7 22. Qh2
Bxg4 23. Qxh6+ Kg8 24. Ng5 Bxg5 25. Bxg5 f6 26. Bxf6 Nxf6 27. Rxf6 Rf8 28. Rg6+
{Black resigns} 1-0

[Event "Team 45 45 League T41"]
[Site "Internet Chess Club"]
[Date "2009.05.23"]
[Round "4"]
[White "carambola"]
[Black "medsurg"]
[Result "0-1"]
[WhiteElo "1194"]
[BlackElo "1419"]
[Opening "Alekhine's defense: Maróczy variation"]
[ECO "B02"]
[Time "20:01:37"]
[TimeControl "2700+45"]

1. e4 Nf6 2. d3 d6 3. Nf3 Nc6 4. Be3 e5 5. Be2 d5 6. a3 dxe4 7. dxe4 Qxd1+ 8.
Bxd1 Nxe4 9. O-O Bf5 10. Be2 f6 11. Bd3 g5 12. b3 Bg6 13. h3 h5 14. Nbd2 g4 15.
hxg4 hxg4 16. Nh2 Nxd2 17. Bxd2 Bxd3 18. cxd3 Nd4 19. Nxg4 Kf7 20. f4 exf4 21.
Rf2 Rg8 22. Nh2 Bd6 23. Rb1 Rg3 24. Nf3 Nxf3+ 25. Rxf3 Rxf3 26. gxf3 Bxa3 27.
Bxf4 c6 28. Kg2 Rd8 29. Rh1 Bf8 30. Rh7+ Bg7 31. Bh6 Rg8 32. Kf2 Kg6 33. Bxg7
Kxh7 34. Bxf6 Re8 35. Bd4 a6 36. Bb6 Kg6 37. d4 Kf5 38. Kg3 Ke6 39. b4 Rf8 40.
f4 Kf5 41. Kf3 Re8 42. Bc5 Re1 43. Kg3 Rb1 44. Kf3 Rb3+ 45. Ke2 Kxf4 46. Bd6+
Ke4 47. Bc5 Rb2+ 48. Kd1 Kd3 49. Kc1 Kc3 50. Kd1 Rd2+ 51. Ke1 Rxd4 52. Be7 Re4+
53. Kf2 Rxe7 54. b5 axb5 55. Kf3 b4 56. Kf4 b3 57. Kf5 b2 58. Kf6 Re2 59. Kf5
b1=Q+ 60. Kf4 Qe4+ 61. Kg3 Re3+ 62. Kf2 Qf3+ 63. Kg1 Qg3+ 64. Kf1 Re1# {White
checkmated} 0-1

[Event "Team 45 45 League T41"]
[Site "Internet Chess Club"]
[Date "2009.05.22"]
[Round "4"]
[White "IanT"]
[Black "UriahHeep"]
[Result "0-1"]
[WhiteElo "1416"]
[BlackElo "1405"]
[Opening "Sicilian: Alapin's variation (2.c3)"]
[ECO "B22"]
[Time "21:30:08"]
[TimeControl "2700+45"]

1. e4 c5 2. c3 e6 3. d4 cxd4 4. cxd4 Bb4+ 5. Bd2 Qa5 6. Nc3 Nf6 7. Bd3 Nc6 8.
Nf3 O-O 9. a3 Be7 10. O-O Qb6 11. Be3 Qxb2 12. Qc1 Qxc1 13. Rfxc1 Ng4 14. Bd2
Bf6 15. e5 Be7 16. Ne2 d6 17. h3 Nh6 18. Bb5 Bd7 19. exd6 Bxd6 20. Ng5 Nf5 21.
Bxc6 Bxc6 22. Bb4 Bxb4 23. axb4 h6 24. Nf3 Bxf3 25. gxf3 Rfd8 26. Rd1 a6 27. f4
Rd7 28. Rab1 Rad8 29. b5 axb5 30. Rxb5 Nxd4 31. Nxd4 Rxd4 32. Rxd4 Rxd4 33. Rxb7
Rxf4 34. Rb8+ Kh7 35. Kg2 Rf6 36. h4 e5 37. f3 Re6 38. Rb7 Kg6 39. Kg3 f5 40.
Kh3 e4 41. Rc7 {White resigns} 0-1

[Event "Team 45 45 League T41"]
[Site "Internet Chess Club"]
[Date "2009.05.23"]
[Round "4"]
[White "Zyme"]
[Black "scottrugby"]
[Result "0-1"]
[WhiteElo "1458"]
[BlackElo "1530"]
[Opening "Nimzo-Indian: classical, 4...Nc6"]
[ECO "E33"]
[Time "22:01:13"]
[TimeControl "2700+45"]

1. d4 Nf6 2. c4 e6 3. Nc3 Bb4 4. Qc2 Nc6 5. a3 Nxd4 6. Qd3 Bxc3+ 7. Qxc3 Nc6 8.
Nf3 h6 9. g3 d6 10. Bg2 O-O 11. O-O a5 12. Rd1 Ne4 13. Qc2 Nc5 14. Be3 Nd7 15.
Rd2 Qe7 16. Rad1 e5 17. Nh4 Re8 18. Bd5 Nf6 19. Bg2 Nd4 20. Qd3 c5 21. f4 Ng4
22. Bxd4 exd4 23. Bf3 Qe3+ 24. Qxe3 Rxe3 25. Ng2 Re7 26. h3 Ne3 27. Nxe3 Rxe3
28. g4 Rb8 29. Kf2 Be6 30. Rc1 b5 31. cxb5 Rxb5 32. f5 Bc8 33. Kg2 Bb7 34. Bxb7
Rxb7 35. Rc4 Rbb3 36. Rcc2 Rxh3 37. e4 Rhg3+ 38. Kf1 Rxg4 39. e5 Rf4+ 40. Ke1
Re3+ 41. Re2 Rxe2+ 42. Kxe2 Re4+ 43. Kd3 Rxe5 44. Kc4 Rxf5 45. Kb5 g5 46. Kxa5
g4 47. Re2 d3 48. Re8+ Kg7 49. b4 d2 50. bxc5 d1=Q 51. Kb6 Qb3+ 52. Kc6 Rxc5+
53. Kxd6 Qd5+ 54. Ke7 Qe6+ 55. Kd8 Rc8# {White checkmated} 0-1